 Dungeon Crawl Stone Soup version 0.24.0-123-gd5b16e6ec5 (webtiles) character file.

Game seed: 10994831875775851022, levelgen mode: deterministic

301 Norian the Conjurer (level 6, -2/32 HPs)
             Began as a Deep Elf Conjurer on Dec 19, 2019.
             Slain by an orc
             ... wielding the +5 dagger "Hellblazer" {distort, rN+ Str+4}
              (18 damage)
             ... on level 3 of the Dungeon.
             The game lasted 00:05:41 (2129 turns).

Norian the Conjurer (Deep Elf Conjurer)             Turns: 2129, Time: 00:05:42

Health: -2/32      AC:  3    Str:  7    XL:     6   Next: 14%
Magic:  8/17       EV: 13    Int: 20    God:
Gold:   130        SH:  0    Dex: 15    Spells: 16/17 levels left

rFire    . . .     SeeInvis .   o - +2 whip (elec)
rCold    . . .     Gourm    .   (no shield)
rNeg     . . .     Faith    .   a - +0 robe
rPois    .         Spirit   .   g - +0 helmet
rElec    .         Reflect  .   (no cloak)
rCorr    .         Harm     .   (no gloves)
MR       .....                  (no boots)
Stlth    ++........             (no amulet)
HPRegen  0.10/turn              (no ring)
MPRegen  0.15/turn              (no ring)

@: no status effects
A: no striking features
a: no special abilities


You were on level 3 of the Dungeon.
You were not hungry.

You visited 1 branch of the dungeon, and saw 3 of its levels.

You collected 130 gold pieces.

Inventory:

Hand Weapons
 o - a +2 whip of electrocution (weapon)
Armour
 a - a +0 robe (worn)
 g - a +0 helmet (worn)
Jewellery
 b - a +3 ring of evasion {unknown}
 n - an uncursed amulet of guardian spirit {unknown}
 p - an uncursed ring of ice {unknown}
 q - an uncursed amulet of magic regeneration {unknown}
Scrolls
 d - a scroll of enchant weapon {unknown}
 f - 2 scrolls of amnesia {unknown}
 h - a scroll of teleportation {unknown}
 i - a scroll of identify {unknown}
 r - a scroll of enchant armour {unknown}
 s - a scroll of fear {unknown}
Potions
 e - a potion of agility {unknown}
 j - a potion of lignification {unknown}
 k - a potion of curing
 l - 2 potions of heal wounds {unknown}
 m - a potion of berserk rage {unknown}
Comestibles
 c - 4 rations
 t - 2 chunks of flesh


   Skills:
 - Level 2.4 Dodging
 - Level 2.4 Stealth
 + Level 6.4 Spellcasting
 + Level 6.5 Conjurations


You had 16 spell levels left.
You knew the following spells:

 Your Spells              Type           Power        Failure   Level  Hunger
a - Magic Dart            Conj           ####         1%          1    None

Your spell library contained the following spells:

 Spells                   Type           Power        Failure   Level  Hunger
 Searing Ray              Conj           ####..       1%          2    None
 Iskenderun's Mystic Bla  Conj           ####....     7%          4    ####...
 Dazzling Spray           Conj/Hex       ###...       8%          3    ##.....
 Force Lance              Conj/Tloc      ###.....     26%         4    ####...
 Fulminant Prism          Conj/Hex       ###.......   26%         4    ####...


Dungeon Overview and Level Annotations

Branches:
Dungeon (3/15)

Altars:
Dithmenos
Makhleb
Beogh


Message History

Aiming: Magic Dart (safe; 1% risk of failure)
Press: ? - help, Shift-Dir - straight line, f/p - orc
Aim: an orc, wielding the +5 dagger "Hellblazer" {distort, rN+ Str+4} and wearing the +4 scale mail of Fayfias {Str+4} The magic dart hits the orc but does no damage.
Casting: Magic Dart (safe; 1% risk of failure)
Confirm with . or Enter, or press ? or * to list all spells.
Aiming: Magic Dart (safe; 1% risk of failure)
Press: ? - help, Shift-Dir - straight line, f/p - orc
Aim: an orc, wielding the +5 dagger "Hellblazer" {distort, rN+ Str+4} and wearing the +4 scale mail of Fayfias {Str+4} The magic dart hits the orc but does no damage.
The orc barely misses you.
Casting: Magic Dart (safe; 1% risk of failure)
Confirm with . or Enter, or press ? or * to list all spells.
Aiming: Magic Dart (safe; 1% risk of failure)
Press: ? - help, Shift-Dir - straight line, f/p - orc
Aim: an orc, wielding the +5 dagger "Hellblazer" {distort, rN+ Str+4} and wearing the +4 scale mail of Fayfias {Str+4} The magic dart hits the orc but does no damage.
The orc hits you but does no damage. Space warps horribly around you!!
Ouch! That really hurt!
You die...

...# #.##>###########.#
...###.##.# #.######
.#....<##.# #......#
.##.#####'# #..###.# .##.#
##...## #...##.#
###.###....)## ####..##.#
###.##.......## ##.##..##.#
....#.........####......##.#
....'.........'o@..........#
.####.........####......####
## #.......## ##....## #
##....o## ###.## #....## #.#
######.#o###### #.#
.......o.....8# #.#
#####'''######### #.#
.............#>.# #.#


You could see an orc.

Vanquished Creatures
  The ghost of havocjr3 the Shield-Bearer, an amateur GnFi (D:3)
  A hound (D:3)
  Jessica (D:2)
  3 gnolls
  4 adders (D:3)
  A worm (D:2)
  3 dart slugs
  4 leopard geckos
  6 orcs (D:3)
  4 giant cockroaches
  10 goblins
  6 hobgoblins
  3 jackals (D:2)
  7 kobolds
  A quokka (D:3)
  9 bats
  A frilled lizard (D:2)
  9 rats
74 creatures vanquished.

Notes
Turn   | Place    | Note
-------+----------+-------------------------------------------
     0 | D:1      | Norian the Deep Elf Conjurer began the quest for the Orb.
     0 | D:1      | Reached XP level 1. HP: 10/10 MP: 6/6
    37 | D:1      | Reached XP level 2. HP: 15/15 MP: 0/8
   418 | D:1      | Reached skill level 5 in Conjurations
   418 | D:1      | Reached XP level 3. HP: 19/19 MP: 7/10
   974 | D:2      | Noticed Jessica
   981 | D:2      | Killed Jessica
   981 | D:2      | Reached XP level 4. HP: 24/24 MP: 5/12
  1005 | D:1      | Reached skill level 5 in Spellcasting
  1557 | D:3      | Found a shadowy altar of Dithmenos.
  1649 | D:3      | Reached XP level 5. HP: 28/28 MP: 10/14
  1661 | D:3      | Found a burning altar of Makhleb.
  2080 | D:3      | Found a runed translucent gate.
  2080 | D:3      | Found a runed translucent gate.
  2081 | D:3      | Found a runed translucent gate.
  2083 | D:3      | Noticed havocjr3's ghost (amateur GnFi)
  2084 | D:3      | Identified the +5 dagger "Hellblazer" {distort, rN+ Str+4}
  2084 | D:3      | Identified the +4 scale mail of Fayfias {Str+4}
  2088 | D:3      | Found a roughly hewn altar of Beogh.
  2103 | D:3      | Killed havocjr3's ghost
  2103 | D:3      | Reached XP level 6. HP: 17/32 MP: 12/17
  2129 | D:3      | Slain by an orc

Levels and vault maps discovered:
D:1:      ncdulo_smallfort, layout_basic, nrook_campfire, minivault_4,
          hangedman_abyss_or_decor_stabs, minmay_tiny_reverse_x
D:2:      layout_rooms, first_ration, uniq_jessica
D:3:      layout_loops_corners, overflow_temple_1_default,
          makhleb_blood_cavern_becter, biasface_ghost_orc_armoury

Skill      XL: |  1  2  3  4  5 |
---------------+----------------+-----
Spellcasting   | 4 5 6 |  6.4
Conjurations   | 5 6 |  6.5
Dodging        | |  2.4
Stealth        | |  2.4

Action                   |  1- 3 |  4- 6 || total
-------------------------+-------+-------++-------
Melee: Short sword       |    10 |       ||    10
       Whip              |       |    13 ||    13
 Cast: Magic Dart        |    75 |    69 ||   144
  Eat: Chunk             |       |     4 ||     4
Armor: Robe              |     6 |     2 ||     8
Dodge: Dodged            |    19 |    18 ||    37
